 Dungeon Crawl Stone Soup version 0.16.2-12-gd0ad4c3 (webtiles) character file.

9553 Peloso the Blocker (level 11, -3/91 (95) HPs)
             Began as a Minotaur Fighter on Nov 7, 2015.
             Was a High Priest of Okawaru.
             Shot with a poisoned arrow by Nessos (8 damage)
             ... on level 11 of the Dungeon.
             The game lasted 00:33:48 (8336 turns).

Peloso the Blocker (Minotaur Fighter)               Turns: 8336, Time: 00:33:48

HP:   -3/91 (95)    AC: 19    Str: 23    XL:     11   Next: 24%
MP:   4/4           EV:  9    Int:  5    God:    Okawaru [*****.]
Gold: 508           SH:  0    Dex: 11    Spells: 0 memorised, 10 levels left

rFire  . . .     SeeInvis +     e - +3 great sword
rCold  . . .     Clarity  .     L - +3 plate armour
rNeg   . . .     SustAb   .     (no shield)
rPois  .         Gourm    .     (helmet restricted)
rElec  .         Spirit   .     (no cloak)
rCorr  .         Warding  .     (no gloves)
rMut   .         Stasis   .     u - +0 pair of boots
MR     .....                    t - amulet of regeneration
Stlth  ..........               N - ring of stealth
                                E - ring of see invisible

@: lethally poisoned (-3 -> -5), not resistant to hostile enchantments,
extremely unstealthy
A: retaliatory headbutt, horns 2
a: Heroism, Finesse, Renounce Religion


You were on level 11 of the Dungeon.
You worshipped Okawaru.
Okawaru was extremely pleased with you.
You were very hungry.

You visited 2 branches of the dungeon, and saw 12 of its levels.

You collected 508 gold pieces.

Inventory:

Hand weapons
 a - a +0 long sword
 e - a +3 great sword (weapon)
 o - a +1 long sword of freezing
Missiles
 x - 12 stones (quivered)
Armour
 c - a +0 shield
 u - a +0 pair of boots (worn)
 L - a +3 plate armour (worn)
Jewellery
 k - an uncursed ring of teleport control
 p - an uncursed ring of protection from magic {unknown}
 t - an amulet of regeneration (around neck)
 E - a ring of see invisible (left hand)
 N - a ring of stealth (right hand)
Magical devices
 r - a wand of heal wounds (4)
Scrolls
 i - a scroll of remove curse
 m - 3 scrolls of teleportation
 n - 2 scrolls of identify
 s - a scroll of blinking {unknown}
 I - 5 scrolls of magic mapping
 Q - a scroll of random uselessness {unknown}
Potions
 b - a potion of agility
 g - a potion of restore abilities
 h - a potion of curing
 q - a potion of invisibility
 H - a potion of magic {unknown}
 M - a potion of cancellation {unknown}
Comestibles
 d - 7 bread rations
 f - 6 meat rations
 j - 9 fruits
 z - 2 slices of pizza
 F - a royal jelly


   Skills:
 + Level 8.9 Fighting
 + Level 10.2 Long Blades
 + Level 10.6 Armour
 + Level 6.2 Dodging
 + Level 1.0 Stealth
 + Level 11.8 Shields
 + Level 0.4 Invocations


You had 10 spell levels left.
You didn't know any spells.

Dungeon Overview and Level Annotations

Branches:
Dungeon (11/15)            Temple (1/1) D:6            Lair (0/8) D:11
    Orc (0/4) D:11

Altars:
Ashenzari
Cheibriados
Dithmenos
Elyvilon
Fedhas
Gozag
Kikubaaqudgha
Makhleb
Nemelex Xobeh
Okawaru
Qazlal
Ru
Sif Muna
Trog
Vehumet
Xom
Yredelemnul
Zin
The Shining One

Shops:
D:5 *   D:11 }

Annotations:
D:11 Nessos


Innate Abilities, Weirdness & Mutations

You reflexively headbutt those who attack you in melee.
You have a pair of horns on your head.


Message History

You feel very sick.
Nessos shoots a poisoned arrow.
The poisoned arrow hits you!
* * * LOW HITPOINT WARNING * * *
The poisoned arrow burns you.
* * * LOW HITPOINT WARNING * * *
Nessos blinks!
You see here a poisoned arrow.
Drink which item? (? for menu, Esc to quit)
You feel better.
Nessos blinks!
Nessos blinks!
You see here a poisoned arrow.
Nessos shoots a poisoned arrow.
The poisoned arrow hits you.
* * * LOW HITPOINT WARNING * * *
The poisoned arrow burns you.
* * * LOW HITPOINT WARNING * * *
You are poisoned.
Nessos shoots a poisoned arrow.
The poisoned arrow barely misses you.
You see here 2 poisoned arrows.
You feel sick.
Nessos shoots a poisoned arrow.
The poisoned arrow hits you!
You die...

#.#########.....# #.# ##...##
#.# ##.## #.# #.# #.# #.# #.#
##+## # #.### ##..(## .# #...#
##.....## ###..# ###.##
##..§@((.## ...c.#
####....####........(####....#
...........'.........((.(†c..#
####.<(.####.........####....#
#.#.## ##.###...## #..## #.###
#.'∩#..## #.# #.# #####c## .#
#.# #'## # ##.####### #.#


You could see Nessos (invisible).

Vanquished Creatures
  2 unseen horrors
  Erolcha (D:8)
  A hill giant (D:11)
  The ghost of CcS the Conjurer, an experienced OpEE of Sif Muna (D:5)
  A two-headed ogre (D:11)
  A troll (D:9)
  Prince Ribbit (D:4)
  A spriggan (D:9)
  3 wyverns
  6 yaks (D:9)
  A deep elf mage (D:9)
  3 hippogriffs
  A steam dragon (D:8)
  Edmund (D:5)
  A water moccasin (D:9)
  A necrophage (D:9)
  4 orc warriors
  3 ice beasts
  3 centaurs
  An eye of draining (D:11)
  A black bear (D:8)
  A sky beast (D:11)
  4 ogres
  A phantom (D:11)
  3 wasps
  Sigmund (D:3)
  A crocodile (D:7)
  A wyvern zombie (D:11)
  A gnoll sergeant (D:9)
  3 giant frogs
  A water moccasin zombie (D:6)
  7 killer bees
  13 wights
  3 crimson imps
  4 hounds
  2 goliath beetles
  2 quasits (D:9)
  2 vampire bats (D:8)
  A centaur zombie (D:10)
  5 orc priests
  A centaur skeleton (D:9)
  A jelly (D:10)
  6 orc wizards
  Natasha (thrice) (D:3)
  7 worker ants
  3 iguanas
  A killer bee zombie (D:9)
  2 hound skeletons
  12 gnolls
  12 adders
  2 shadow imps
  2 giant mites
  3 worms
  An adder skeleton (D:9)
  7 giant geckos
  An ooze (D:3)
  43 orcs
  15 bats
  3 bat skeletons (D:8)
  4 bat zombies
  3 giant cockroaches
  13 hobgoblins
  8 jackals
  14 kobolds
  7 quokkas
  A ball python (D:3)
  A giant gecko zombie (D:5)
  7 giant newts
  8 goblins
  A quokka skeleton (D:4)
  7 rats
  A rat zombie (D:9)
294 creatures vanquished.

Notes
Turn   | Place    | Note
--------------------------------------------------------------
     0 | D:1      | Peloso, the Minotaur Fighter, began the quest for the Orb.
     0 | D:1      | Reached XP level 1. HP: 19/19 MP: 1/1
   132 | D:1      | Reached skill level 4 in Shields
   426 | D:1      | Reached XP level 2. HP: 27/27 MP: 1/1
   800 | D:2      | Reached XP level 3. HP: 33/33 MP: 2/2
  1293 | D:3      | Reached XP level 4. HP: 40/40 MP: 2/2
  1338 | D:3      | Reached skill level 5 in Shields
  1391 | D:3      | Reached skill level 1 in Dodging
  1415 | D:3      | Reached XP level 5. HP: 43/46 MP: 2/2
  1470 | D:3      | Noticed Sigmund
  1478 | D:3      | Noticed Natasha
  1513 | D:3      | Killed Sigmund
  1513 | D:3      | Reached skill level 5 in Armour
  1516 | D:3      | Killed Natasha
  1677 | D:3      | Noticed Natasha
  1691 | D:3      | Killed Natasha
  1691 | D:3      | Reached XP level 6. HP: 9/52 MP: 3/3
  1933 | D:3      | Noticed Natasha
  1947 | D:3      | Killed Natasha
  2079 | D:4      | Noticed Prince Ribbit
  2317 | D:4      | Killed Prince Ribbit
  2317 | D:4      | Reached skill level 6 in Armour
  2317 | D:4      | Reached XP level 7. HP: 31/59 MP: 3/3
  2368 | D:4      | Got a smoking hunting sling
  2369 | D:4      | Identified the cursed +0 hunting sling of Klyoro Tevul {velocity, Str+2} (You took it off a gnoll on level 4 of the Dungeon)
  2586 | D:5      | Entered Level 5 of the Dungeon
  2701 | D:5      | Found Daustraul's General Store.
  2879 | D:5      | Found a shadowy altar of Dithmenos.
  2882 | D:5      | Noticed CcS's ghost (experienced OpEE)
  3075 | D:5      | Killed CcS's ghost
  3075 | D:5      | Reached skill level 5 in Long Blades
  3075 | D:5      | Reached skill level 7 in Armour
  3075 | D:5      | Reached XP level 8. HP: 55/67 MP: 3/3
  3541 | D:5      | Noticed Edmund
  3557 | D:5      | Killed Edmund
  3611 | D:5      | You fall through a shaft for 2 floors!
  3756 | D:7      | Reached skill level 5 in Fighting
  3842 | D:7      | Reached skill level 5 in Dodging
  4213 | D:6      | Reached skill level 8 in Shields
  4288 | D:6      | Reached XP level 9. HP: 66/74 MP: 4/4
  4550 | D:6      | Found a staircase to the Ecumenical Temple.
  4555 | Temple   | Entered the Ecumenical Temple
  4596 | Temple   | Became a worshipper of Warmaster Okawaru
  4893 | D:6      | Found a radiant altar of Vehumet.
  4894 | D:6      | Found a basalt altar of Yredelemnul.
  4896 | D:6      | Found a sacrificial altar of Ru.
  4991 | D:8      | Got a twisted ring mail
  5002 | D:8      | Identified the cursed -3 ring mail "Xeyk" {rElec rPois rN+ Str-2 Int+3} (You found it on level 8 of the Dungeon)
  5088 | D:8      | Found a burning altar of Makhleb.
  5093 | D:8      | Found a glowing silver altar of Zin.
  5093 | D:8      | Noticed an angel
  5093 | D:8      | Noticed a blizzard demon
  5283 | D:8      | Noticed Erolcha
  5293 | D:8      | Killed Erolcha
  5293 | D:8      | Acquired Okawaru's first power
  5293 | D:8      | Reached skill level 9 in Shields
  5444 | D:8      | Found an ancient bone altar of Kikubaaqudgha.
  5726 | D:9      | Paralysed by a wasp for 3 turns
  5912 | D:9      | Reached XP level 10. HP: 51/84 MP: 4/4
  6179 | D:9      | Reached skill level 10 in Shields
  6495 | D:9      | Reached skill level 10 in Armour
  6538 | D:10     | Entered Level 10 of the Dungeon
  6831 | D:10     | Reached skill level 11 in Shields
  7084 | D:10     | Noticed an unseen horror
  7098 | D:10     | Killed an unseen horror
  7684 | D:11     | Reached skill level 1 in Stealth
  7822 | D:11     | Reached XP level 11. HP: 69/91 MP: 4/4
  7939 | D:11     | Noticed an unseen horror
  7949 | D:11     | Killed an unseen horror
  7949 | D:11     | Reached skill level 10 in Long Blades
  7958 | D:11     | Noticed a hill giant
  7963 | D:11     | Killed a hill giant
  7963 | D:11     | Acquired Okawaru's second power
  8057 | D:11     | Found a staircase to the Orcish Mines.
  8069 | D:11     | Paralysed by a wasp for 3 turns
  8078 | D:11     | Found Caarid's Gadget Shop.
  8156 | D:11     | Found a staircase to the Lair.
  8323 | D:11     | Noticed Nessos
  8336 | D:11     | Shot with a poisoned arrow by Nessos

Action                   |  1- 3 |  4- 6 |  7- 9 | 10-12 || total
-------------------------+-------+-------+-------+-------++-------
Melee: Long sword        |    75 |   153 |   481 |   299 ||  1008
       Great sword       |       |       |       |    84 ||    84
Invok: Heroism           |       |       |       |     1 ||     1
  Use: Scroll            |     4 |     3 |     6 |     3 ||    16
       Potion            |       |     2 |     1 |     1 ||     4
  Eat: Chunk             |       |     4 |    14 |    11 ||    29
       Fruit             |       |       |     1 |       ||     1
